Connexion

Roadrunners vs Bruins

Created - 25 décembre 2023 at 07:57

Goals
1 2 3 T
Roadrunners 0 1 0 1
Bruins 1 1 0 2
Shots
1 2 3 T
Roadrunners 9 4 6 19
Bruins 9 7 14 30

GoalsPenalties
1st period
1. Bruins , Michael Teply 11 (Julius Honka 21) at 15:52
Josh Brook (PRO) for Cross-checking (Minor) at 7:01
Beau Starret (TUC) for Interference (Minor) at 7:01
2nd period
2. Bruins , Ryan O'Reilly 3 (Igor Shvyrev 8, Matej Stransky 10) at 13:00
3. Roadrunners , Morgan Barron 7 (Paul Ladue 12, Lane Pederson 16) at 15:06
Jansen Harkins (PRO) for Hooking (Minor) at 1:38
Kevin Roy (TUC) for Cross-checking (Minor) at 7:14
Paul Ladue (TUC) for Tripping (Minor) at 16:09
3rd period
No Goal
Scott Wilson (TUC) for Roughing (Minor) at 6:43
Nicolas Hague (TUC) for Tripping (Minor) at 9:05
Nicolas Hague (TUC) for Hooking (Minor) at 13:00
Goalie Stats
Calvin Pickard (TUC), 28 saves from 30 shots - (0,933), L, 14-17-2, 60:00 minutes
Joey Daccord (PRO), 18 saves from 19 shots - (0,947), W, 27-10-2, 60:00 minutes
3 StarsOfficial
1 - Michael Teply (PRO)
2 - Ryan O'Reilly (PRO)
3 - Julius Honka (PRO)
Referees : Tim Peel and Dan O'Rourke
Linesman : Brian Murphy and Darren Gibbs
Game Note
No Game Note
Finance
Level 1 -- Attendance: 1864 (93,20%) -- Ticket Income $65,240
Level 2 -- Attendance: 1000 (100,00%) -- Ticket Income $15,000
Total Attendance: 2864 (95,47%)
Total Ticket Income: $80,240
Other Income: $16,048
Total Income: $96,288



Team Name Goals Shots Shots Attemp Shots Blocked PIM HIT PP PK FO%
Roadrunners 119381112110 / 1 (0%)049%
Bruins 2307394230 / 5 (0%)051%

Roadrunners
Player Name POS G A P +/- PIM HIT SHT SB MP PP MP PP SHT PK MP PK SHT FO% FOT
Aleksi SaarelaC/LW000-1000122:340:5804:57048% 21
Anthony GrecoLW/RW000-1003123:371:0105:57040% 15
Beau Starret C/LW000-1221012:240:5800:0000% 0
Brad HuntD000-1001023:320:5804:5600% 0
Drake CaggiulaC/LW/RW000-1012019:330:5803:07067% 6
Gabriel DumontC/RW0000004013:561:0100:00063% 16
Justin KirklandC/LW/RW000-1010011:350:0000:08036% 14
Kevin RoyLW/RW000-1200013:570:0002:3100% 0
Kole LindRW000100006:170:0000:0000% 0
Lane PedersonC011100007:050:0000:00067% 6
Mac HollowellD000-1001023:240:5804:4800% 0
Morgan BarronC/LW101101116:170:0000:0000% 0
Nic DowdC/RW0000004215:200:0001:37050% 2
Nicolas HagueD0001420120:591:0102:4900% 0
Noah JuulsenD000-1030014:280:0000:0000% 0
Paul LadueD0111200420:381:0103:3800% 0
Scott WilsonC/LW0000202015:281:0101:3300% 1
Taylor FedunD000-1010116:560:0003:3900% 0
Bruins
Player Name POS G A P +/- PIM HIT SHT SB MP PP MP PP SHT PK MP PK SHT FO% FOT
Adam MusilC000000000:250:2500:0000% 0
Bryce KindoppRW000-1013024:274:4900:46040% 5
Brycen MartinD0000010112:530:1100:0800% 0
Derek GrantC/LW/RW000-1011020:125:0300:43033% 3
Hunter ShinkarukC/LW/RW0001025019:064:4100:00050% 2
Igor ShvyrevC0111023014:120:1100:00018% 11
Jakob Forsbacka-KarlssonC000000004:560:0000:53017% 6
Jansen HarkinsC0001206019:534:4120:00054% 24
Jesse GrahamD0002032121:214:3510:5600% 0
Josh BrookD000-1241124:345:0910:5500% 0
Julius HonkaD0112021221:214:3500:5600% 0
Ludwig BystromD0000001114:040:1100:0800% 0
Matej StranskyLW/RW0111011014:010:0000:00050% 2
Michael TeplyLW1011021019:494:4100:43050% 2
Nathan BastianC/RW000-1013120:455:0320:53073% 26
Reilly WalshD000-1011225:465:0910:5500% 0
Ryan O'ReillyRW1011011014:120:1100:0000% 0
Tyler WeissLW000001004:030:0000:0000% 0



Play-by-Play

1st period


0:01 of 1st period - Nathan Bastian wins face-off versus Aleksi Saarela in neutral zone.
0:04 of 1st period - Drake Caggiula is hit by Bryce Kindopp.
0:39 of 1st period - Shot by Drake Caggiula.
0:39 of 1st period - Shot Blocked by Reilly Walsh.
0:54 of 1st period - Icing by Josh Brook.
0:55 of 1st period - Nathan Bastian wins face-off versus Nic Dowd in Bruins zone.
1:20 of 1st period - Shot by Jansen Harkins.
1:20 of 1st period - Shot Blocked by Paul Ladue.
1:22 of 1st period - Shot by Jansen Harkins.
1:22 of 1st period - Stopped by Calvin Pickard without a rebound.
1:23 of 1st period - Justin Kirkland wins face-off versus Igor Shvyrev in Roadrunners zone.
1:36 of 1st period - Shot by Beau Starret .
1:36 of 1st period - Shot Blocked by Ludwig Bystrom.
1:38 of 1st period - Shot by Justin Kirkland.
1:38 of 1st period - Shot Blocked by Brycen Martin.
1:40 of 1st period - Shot by Beau Starret .
1:40 of 1st period - Stopped by Joey Daccord without a rebound.
1:41 of 1st period - Hunter Shinkaruk wins face-off versus Lane Pederson in Bruins zone.
1:48 of 1st period - Shot by Jansen Harkins.
1:48 of 1st period - Stopped by Calvin Pickard without a rebound.
1:49 of 1st period - Jansen Harkins wins face-off versus Justin Kirkland in Roadrunners zone.
2:06 of 1st period - Shot by Beau Starret .
2:06 of 1st period - Shot Misses the Net.
2:08 of 1st period - Shot by Taylor Fedun.
2:08 of 1st period - Shot Misses the Net.
2:19 of 1st period - Beau Starret is hit by Julius Honka and loses puck.
2:41 of 1st period - Gabriel Dumont is hit by Jesse Graham and loses puck.
3:14 of 1st period - Shot by Nic Dowd.
3:14 of 1st period - Stopped by Joey Daccord without a rebound.
3:15 of 1st period - Aleksi Saarela wins face-off versus Jakob Forsbacka-Karlsson in Bruins zone.
3:40 of 1st period - Shot by Jakob Forsbacka-Karlsson.
3:40 of 1st period - Shot Blocked by Anthony Greco.
4:08 of 1st period - Shot by Igor Shvyrev.
4:08 of 1st period - Stopped by Calvin Pickard without a rebound.
4:09 of 1st period - Lane Pederson wins face-off versus Igor Shvyrev in Roadrunners zone.
4:20 of 1st period - Shot by Igor Shvyrev.
4:20 of 1st period - Stopped by Calvin Pickard without a rebound.
4:21 of 1st period - Gabriel Dumont wins face-off versus Igor Shvyrev in Roadrunners zone.
4:32 of 1st period - Shot by Nic Dowd.
4:32 of 1st period - Stopped by Joey Daccord without a rebound.
4:33 of 1st period - Lane Pederson wins face-off versus Bryce Kindopp in Bruins zone.
4:37 of 1st period - Lane Pederson is hit by Josh Brook and loses puck.
5:33 of 1st period - Shot by Igor Shvyrev.
5:33 of 1st period - Shot Blocked by Paul Ladue.
6:34 of 1st period - Shot by Hunter Shinkaruk.
6:34 of 1st period - Stopped by Calvin Pickard with a rebound.
6:50 of 1st period - Shot by Gabriel Dumont.
6:50 of 1st period - Stopped by Joey Daccord without a rebound.
6:51 of 1st period - Nathan Bastian wins face-off versus Justin Kirkland in Bruins zone.
7:01 of 1st period - Minor Penalty to Josh Brook for Cross-checking.
7:01 of 1st period - Minor Penalty to Beau Starret for Interference.
7:02 of 1st period - Bryce Kindopp wins face-off versus Anthony Greco in Bruins zone.
7:53 of 1st period - Icing by Reilly Walsh.
7:54 of 1st period - Anthony Greco wins face-off versus Bryce Kindopp in Bruins zone.
7:58 of 1st period - Anthony Greco is hit by Reilly Walsh and loses puck.
8:12 of 1st period - Icing by Nicolas Hague.
8:13 of 1st period - Anthony Greco wins face-off versus Derek Grant in Roadrunners zone.
9:19 of 1st period - Shot by Beau Starret .
9:19 of 1st period - Shot Misses the Net.
9:39 of 1st period - Shot by Kevin Roy.
9:39 of 1st period - Shot Misses the Net.
9:57 of 1st period - Icing by Brycen Martin.
9:58 of 1st period - Gabriel Dumont wins face-off versus Jakob Forsbacka-Karlsson in Bruins zone.
10:09 of 1st period - Shot by Gabriel Dumont.
10:09 of 1st period - Stopped by Joey Daccord without a rebound.
10:10 of 1st period - Aleksi Saarela wins face-off versus Jansen Harkins in Bruins zone.
10:30 of 1st period - Off-side.
10:31 of 1st period - Gabriel Dumont wins face-off versus Nathan Bastian in neutral zone.
11:13 of 1st period - Icing by Nicolas Hague.
11:14 of 1st period - Gabriel Dumont wins face-off versus Jansen Harkins in Roadrunners zone.
11:20 of 1st period - Scott Wilson is hit by Jesse Graham.
11:50 of 1st period - Shot by Jansen Harkins.
11:50 of 1st period - Stopped by Calvin Pickard with a rebound.
11:53 of 1st period - Icing by Mac Hollowell.
11:54 of 1st period - Aleksi Saarela wins face-off versus Igor Shvyrev in Roadrunners zone.
12:05 of 1st period - Shot by Brad Hunt.
12:05 of 1st period - Stopped by Joey Daccord without a rebound.
12:06 of 1st period - Nathan Bastian wins face-off versus Justin Kirkland in Bruins zone.
12:06 of 1st period - Nathan Bastian is hit by Beau Starret .
14:15 of 1st period - Brycen Martin is hit by Nicolas Hague and loses puck.
14:34 of 1st period - Shot by Nic Dowd.
14:34 of 1st period - Stopped by Joey Daccord without a rebound.
14:35 of 1st period - Lane Pederson wins face-off versus Jakob Forsbacka-Karlsson in Bruins zone.
14:58 of 1st period - Shot by Tyler Weiss.
14:58 of 1st period - Shot Misses the Net.
15:14 of 1st period - Taylor Fedun is hit by Tyler Weiss and loses puck.
15:37 of 1st period - Icing by Jesse Graham.
15:38 of 1st period - Aleksi Saarela wins face-off versus Jansen Harkins in Bruins zone.
15:50 of 1st period - Shot by Julius Honka.
15:50 of 1st period - Shot Misses the Net.
15:52 of 1st period - Shot by Michael Teply.
15:52 of 1st period - Goal by Michael Teply - Roadrunners : 0 - Bruins : 1.
15:53 of 1st period - Gabriel Dumont wins face-off versus Igor Shvyrev in neutral zone.
15:53 of 1st period - Gabriel Dumont is hit by Igor Shvyrev.
15:59 of 1st period - Shot by Nic Dowd.
15:59 of 1st period - Stopped by Joey Daccord without a rebound.
16:00 of 1st period - Jansen Harkins wins face-off versus Aleksi Saarela in Bruins zone.
16:11 of 1st period - Shot by Jesse Graham.
16:11 of 1st period - Stopped by Calvin Pickard without a rebound.
16:12 of 1st period - Igor Shvyrev wins face-off versus Gabriel Dumont in Roadrunners zone.
16:13 of 1st period - Shot by Matej Stransky.
16:13 of 1st period - Stopped by Calvin Pickard with a rebound.
17:26 of 1st period - Shot by Anthony Greco.
17:26 of 1st period - Stopped by Joey Daccord without a rebound.
17:27 of 1st period - Nathan Bastian wins face-off versus Justin Kirkland in Bruins zone.
17:53 of 1st period - Nathan Bastian is hit by Beau Starret and loses puck.
18:23 of 1st period - Icing by Julius Honka.
18:24 of 1st period - Nathan Bastian wins face-off versus Aleksi Saarela in Bruins zone.
18:50 of 1st period - Icing by Mac Hollowell.
18:51 of 1st period - Jansen Harkins wins face-off versus Aleksi Saarela in Roadrunners zone.
Goals for this period are 0 for Roadrunners vs 1 for Bruins.
Shots for this period are 9 for Roadrunners vs 9 for Bruins.

2nd period


0:01 of 2nd period - Nathan Bastian wins face-off versus Aleksi Saarela in neutral zone.
1:07 of 2nd period - Shot by Scott Wilson.
1:07 of 2nd period - Stopped by Joey Daccord without a rebound.
1:08 of 2nd period - Jansen Harkins wins face-off versus Justin Kirkland in Bruins zone.
1:31 of 2nd period - Shot by Beau Starret .
1:31 of 2nd period - Shot Blocked by Julius Honka.
1:38 of 2nd period - Minor Penalty to Jansen Harkins for Hooking.
1:39 of 2nd period - Bryce Kindopp wins face-off versus Scott Wilson in Bruins zone.
2:18 of 2nd period - Scott Wilson is hit by Josh Brook and loses puck.
2:57 of 2nd period - Icing by Aleksi Saarela.
2:58 of 2nd period - Aleksi Saarela wins face-off versus Bryce Kindopp in Roadrunners zone.
3:37 of 2nd period - Shot by Scott Wilson.
3:37 of 2nd period - Shot Misses the Net.
4:00 of 2nd period - Lane Pederson is hit by Igor Shvyrev and loses puck.
4:43 of 2nd period - Icing by Gabriel Dumont.
4:44 of 2nd period - Jakob Forsbacka-Karlsson wins face-off versus Gabriel Dumont in Roadrunners zone.
4:51 of 2nd period - Shot by Bryce Kindopp.
4:51 of 2nd period - Shot Misses the Net.
5:07 of 2nd period - Shot by Jakob Forsbacka-Karlsson.
5:07 of 2nd period - Shot Misses the Net.
5:43 of 2nd period - Shot by Anthony Greco.
5:43 of 2nd period - Stopped by Joey Daccord without a rebound.
5:44 of 2nd period - Igor Shvyrev wins face-off versus Justin Kirkland in Bruins zone.
5:53 of 2nd period - Shot by Matej Stransky.
5:53 of 2nd period - Shot Misses the Net.
5:55 of 2nd period - Shot by Julius Honka.
5:55 of 2nd period - Stopped by Calvin Pickard without a rebound.
5:56 of 2nd period - Aleksi Saarela wins face-off versus Jansen Harkins in Roadrunners zone.
6:28 of 2nd period - Anthony Greco is hit by Brycen Martin and loses puck.
6:31 of 2nd period - Shot by Drake Caggiula.
6:31 of 2nd period - Shot Hit the Post.
7:01 of 2nd period - Taylor Fedun is hit by Hunter Shinkaruk and loses puck.
7:12 of 2nd period - Nathan Bastian is hit by Justin Kirkland and loses puck.
7:14 of 2nd period - Minor Penalty to Kevin Roy for Cross-checking.
7:15 of 2nd period - Nathan Bastian wins face-off versus Anthony Greco in Roadrunners zone.
7:36 of 2nd period - Shot by Reilly Walsh.
7:36 of 2nd period - Shot Misses the Net.
7:38 of 2nd period - Shot by Reilly Walsh.
7:38 of 2nd period - Shot Misses the Net.
7:40 of 2nd period - Shot by Derek Grant.
7:40 of 2nd period - Deflect By Nathan Bastian.
7:40 of 2nd period - Stopped by Calvin Pickard without a rebound.
7:41 of 2nd period - Anthony Greco wins face-off versus Nathan Bastian in Roadrunners zone.
8:28 of 2nd period - Shot by Josh Brook.
8:28 of 2nd period - Shot Misses the Net.
8:30 of 2nd period - Shot by Hunter Shinkaruk.
8:30 of 2nd period - Shot Misses the Net.
8:36 of 2nd period - Shot by Josh Brook.
8:36 of 2nd period - Deflect By Jansen Harkins.
8:36 of 2nd period - Stopped by Calvin Pickard without a rebound.
8:37 of 2nd period - Drake Caggiula wins face-off versus Nathan Bastian in Roadrunners zone.
8:56 of 2nd period - Shot by Josh Brook.
8:56 of 2nd period - Stopped by Calvin Pickard without a rebound.
8:57 of 2nd period - Anthony Greco wins face-off versus Jansen Harkins in Roadrunners zone.
8:57 of 2nd period - Anthony Greco is hit by Michael Teply.
9:40 of 2nd period - Shot by Igor Shvyrev.
9:40 of 2nd period - Stopped by Calvin Pickard without a rebound.
9:41 of 2nd period - Gabriel Dumont wins face-off versus Jakob Forsbacka-Karlsson in Roadrunners zone.
10:35 of 2nd period - Icing by Jesse Graham.
10:36 of 2nd period - Aleksi Saarela wins face-off versus Igor Shvyrev in Bruins zone.
10:45 of 2nd period - Paul Ladue is hit by Matej Stransky and loses puck.
10:50 of 2nd period - Shot by Matej Stransky.
10:50 of 2nd period - Shot Misses the Net.
13:00 of 2nd period - Shot by Ryan O'Reilly.
13:00 of 2nd period - Goal by Ryan O'Reilly - Roadrunners : 0 - Bruins : 2.
13:01 of 2nd period - Jansen Harkins wins face-off versus Gabriel Dumont in neutral zone.
13:12 of 2nd period - Gabriel Dumont is hit by Michael Teply and loses puck.
13:17 of 2nd period - Shot by Hunter Shinkaruk.
13:17 of 2nd period - Deflect By Jansen Harkins.
13:17 of 2nd period - Shot Misses the Net.
13:20 of 2nd period - Icing by Brad Hunt.
13:21 of 2nd period - Matej Stransky wins face-off versus Gabriel Dumont in Roadrunners zone.
13:55 of 2nd period - Icing by Julius Honka.
13:56 of 2nd period - Justin Kirkland wins face-off versus Igor Shvyrev in Bruins zone.
13:56 of 2nd period - Justin Kirkland is hit by Julius Honka.
14:08 of 2nd period - Shot by Matej Stransky.
14:08 of 2nd period - Shot Blocked by Taylor Fedun.
15:04 of 2nd period - Shot by Lane Pederson.
15:04 of 2nd period - Shot Blocked by Josh Brook.
15:06 of 2nd period - Shot by Paul Ladue.
15:06 of 2nd period - Deflect By Morgan Barron.
15:06 of 2nd period - Goal by Morgan Barron - Roadrunners : 1 - Bruins : 2.
15:07 of 2nd period - Aleksi Saarela wins face-off versus Hunter Shinkaruk in neutral zone.
15:25 of 2nd period - Icing by Jansen Harkins.
15:26 of 2nd period - Gabriel Dumont wins face-off versus Jansen Harkins in Bruins zone.
15:29 of 2nd period - Shot by Scott Wilson.
15:29 of 2nd period - Stopped by Joey Daccord without a rebound.
15:30 of 2nd period - Nathan Bastian wins face-off versus Aleksi Saarela in Bruins zone.
15:34 of 2nd period - Reilly Walsh is hit by Nicolas Hague and loses puck.
16:09 of 2nd period - Minor Penalty to Paul Ladue for Tripping.
16:10 of 2nd period - Jansen Harkins wins face-off versus Anthony Greco in Roadrunners zone.
16:18 of 2nd period - Icing by Michael Teply.
16:19 of 2nd period - Michael Teply wins face-off versus Anthony Greco in Bruins zone.
16:35 of 2nd period - Shot by Anthony Greco.
16:35 of 2nd period - Shot Blocked by Julius Honka.
16:37 of 2nd period - Shot by Aleksi Saarela.
16:37 of 2nd period - Shot Misses the Net.
16:44 of 2nd period - Icing by Julius Honka.
16:45 of 2nd period - Jansen Harkins wins face-off versus Drake Caggiula in Bruins zone.
16:45 of 2nd period - Jansen Harkins is hit by Drake Caggiula.
18:06 of 2nd period - Mac Hollowell is hit by Nathan Bastian.
18:10 of 2nd period - Shot by Igor Shvyrev.
18:10 of 2nd period - Shot Blocked by Paul Ladue.
18:12 of 2nd period - Shot by Ludwig Bystrom.
18:12 of 2nd period - Shot Misses the Net.
18:14 of 2nd period - Shot by Ryan O'Reilly.
18:14 of 2nd period - Shot Misses the Net.
18:34 of 2nd period - Shot by Igor Shvyrev.
18:34 of 2nd period - Shot Misses the Net.
19:17 of 2nd period - Shot by Jansen Harkins.
19:17 of 2nd period - Shot Misses the Net.
19:19 of 2nd period - Shot by Hunter Shinkaruk.
19:19 of 2nd period - Stopped by Calvin Pickard without a rebound.
19:20 of 2nd period - Gabriel Dumont wins face-off versus Jakob Forsbacka-Karlsson in Roadrunners zone.
19:22 of 2nd period - Icing by Nic Dowd.
19:23 of 2nd period - Gabriel Dumont wins face-off versus Jansen Harkins in Roadrunners zone.
19:31 of 2nd period - Icing by Noah Juulsen.
19:32 of 2nd period - Nathan Bastian wins face-off versus Gabriel Dumont in Roadrunners zone.
Goals for this period are 1 for Roadrunners vs 1 for Bruins.
Shots for this period are 4 for Roadrunners vs 7 for Bruins.

3rd period


0:01 of 3rd period - Nathan Bastian wins face-off versus Aleksi Saarela in neutral zone.
1:13 of 3rd period - Shot by Hunter Shinkaruk.
1:13 of 3rd period - Stopped by Calvin Pickard with a rebound.
1:15 of 3rd period - Shot by Jesse Graham.
1:15 of 3rd period - Shot Misses the Net.
1:17 of 3rd period - Shot by Hunter Shinkaruk.
1:17 of 3rd period - Stopped by Calvin Pickard without a rebound.
1:18 of 3rd period - Justin Kirkland wins face-off versus Igor Shvyrev in Roadrunners zone.
1:36 of 3rd period - Icing by Noah Juulsen.
1:37 of 3rd period - Justin Kirkland wins face-off versus Michael Teply in Roadrunners zone.
1:51 of 3rd period - Shot by Jansen Harkins.
1:51 of 3rd period - Shot Misses the Net.
2:12 of 3rd period - Michael Teply is hit by Noah Juulsen and loses puck.
2:22 of 3rd period - Icing by Noah Juulsen.
2:23 of 3rd period - Nathan Bastian wins face-off versus Justin Kirkland in Roadrunners zone.
2:23 of 3rd period - Nathan Bastian is hit by Noah Juulsen.
2:25 of 3rd period - Shot by Derek Grant.
2:25 of 3rd period - Shot Misses the Net.
2:31 of 3rd period - Shot by Nathan Bastian.
2:31 of 3rd period - Shot Misses the Net.
2:44 of 3rd period - Icing by Reilly Walsh.
2:45 of 3rd period - Nathan Bastian wins face-off versus Aleksi Saarela in Bruins zone.
3:52 of 3rd period - Shot by Matej Stransky.
3:52 of 3rd period - Shot Misses the Net.
3:54 of 3rd period - Shot by Ludwig Bystrom.
3:54 of 3rd period - Stopped by Calvin Pickard without a rebound.
3:55 of 3rd period - Gabriel Dumont wins face-off versus Jansen Harkins in Roadrunners zone.
4:00 of 3rd period - Shot by Nicolas Hague.
4:00 of 3rd period - Shot Blocked by Jesse Graham.
4:22 of 3rd period - Shot by Scott Wilson.
4:22 of 3rd period - Deflect By Gabriel Dumont.
4:22 of 3rd period - Stopped by Joey Daccord without a rebound.
4:23 of 3rd period - Lane Pederson wins face-off versus Nathan Bastian in Bruins zone.
4:34 of 3rd period - Kole Lind is hit by Derek Grant and loses puck.
4:46 of 3rd period - Icing by Josh Brook.
4:47 of 3rd period - Nathan Bastian wins face-off versus Justin Kirkland in Bruins zone.
5:10 of 3rd period - Kevin Roy is hit by Josh Brook and loses puck.
5:21 of 3rd period - Shot by Beau Starret .
5:21 of 3rd period - Shot Blocked by Nathan Bastian.
5:23 of 3rd period - Shot by Justin Kirkland.
5:23 of 3rd period - Shot Blocked by Reilly Walsh.
5:25 of 3rd period - Shot by Justin Kirkland.
5:25 of 3rd period - Shot Misses the Net.
6:21 of 3rd period - Aleksi Saarela is hit by Hunter Shinkaruk and loses puck.
6:43 of 3rd period - Minor Penalty to Scott Wilson for Roughing.
6:44 of 3rd period - Jansen Harkins wins face-off versus Anthony Greco in Roadrunners zone.
7:13 of 3rd period - Shot by Reilly Walsh.
7:13 of 3rd period - Shot Misses the Net.
7:47 of 3rd period - Shot by Derek Grant.
7:47 of 3rd period - Deflect By Bryce Kindopp.
7:47 of 3rd period - Shot Hit the Post.
8:02 of 3rd period - Off-side.
8:03 of 3rd period - Nic Dowd wins face-off versus Jansen Harkins in neutral zone.
8:56 of 3rd period - Shot by Igor Shvyrev.
8:56 of 3rd period - Shot Blocked by Morgan Barron.
8:58 of 3rd period - Shot by Matej Stransky.
8:58 of 3rd period - Shot Misses the Net.
9:00 of 3rd period - Shot by Brycen Martin.
9:00 of 3rd period - Shot Misses the Net.
9:02 of 3rd period - Shot by Brycen Martin.
9:02 of 3rd period - Shot Blocked by Nicolas Hague.
9:05 of 3rd period - Minor Penalty to Nicolas Hague for Tripping.
9:06 of 3rd period - Anthony Greco wins face-off versus Nathan Bastian in Roadrunners zone.
9:47 of 3rd period - Off-side.
9:48 of 3rd period - Anthony Greco wins face-off versus Derek Grant in neutral zone.
9:59 of 3rd period - Shot by Josh Brook.
9:59 of 3rd period - Deflect By Nathan Bastian.
9:59 of 3rd period - Shot Misses the Net.
10:01 of 3rd period - Shot by Nathan Bastian.
10:01 of 3rd period - Stopped by Calvin Pickard without a rebound.
10:02 of 3rd period - Jansen Harkins wins face-off versus Anthony Greco in Roadrunners zone.
10:05 of 3rd period - Shot by Hunter Shinkaruk.
10:05 of 3rd period - Shot Blocked by Aleksi Saarela.
10:15 of 3rd period - Shot by Jansen Harkins.
10:15 of 3rd period - Stopped by Calvin Pickard without a rebound.
10:16 of 3rd period - Drake Caggiula wins face-off versus Nathan Bastian in Roadrunners zone.
10:24 of 3rd period - Icing by Josh Brook.
10:25 of 3rd period - Drake Caggiula wins face-off versus Nathan Bastian in Bruins zone.
10:31 of 3rd period - Off-side.
10:32 of 3rd period - Jansen Harkins wins face-off versus Anthony Greco in neutral zone.
10:35 of 3rd period - Shot by Jesse Graham.
10:35 of 3rd period - Stopped by Calvin Pickard without a rebound.
10:36 of 3rd period - Jansen Harkins wins face-off versus Anthony Greco in Roadrunners zone.
11:48 of 3rd period - Icing by Reilly Walsh.
11:49 of 3rd period - Nathan Bastian wins face-off versus Lane Pederson in Bruins zone.
11:49 of 3rd period - Nathan Bastian is hit by Morgan Barron.
12:16 of 3rd period - Shot by Jansen Harkins.
12:16 of 3rd period - Stopped by Calvin Pickard without a rebound.
12:17 of 3rd period - Aleksi Saarela wins face-off versus Igor Shvyrev in Roadrunners zone.
12:30 of 3rd period - Shot by Anthony Greco.
12:30 of 3rd period - Deflect By Drake Caggiula.
12:30 of 3rd period - Stopped by Joey Daccord without a rebound.
12:31 of 3rd period - Justin Kirkland wins face-off versus Jansen Harkins in Bruins zone.
12:41 of 3rd period - Beau Starret is hit by Jesse Graham and loses puck.
13:00 of 3rd period - Minor Penalty to Nicolas Hague for Hooking.
13:01 of 3rd period - Nathan Bastian wins face-off versus Anthony Greco in Roadrunners zone.
13:26 of 3rd period - Shot by Reilly Walsh.
13:26 of 3rd period - Shot Misses the Net.
14:02 of 3rd period - Jansen Harkins is hit by Taylor Fedun and loses puck.
14:35 of 3rd period - Shot by Derek Grant.
14:35 of 3rd period - Shot Misses the Net.
14:37 of 3rd period - Shot by Bryce Kindopp.
14:37 of 3rd period - Shot Blocked by Paul Ladue.
14:45 of 3rd period - Shot by Reilly Walsh.
14:45 of 3rd period - Stopped by Calvin Pickard without a rebound.
14:46 of 3rd period - Drake Caggiula wins face-off versus Jansen Harkins in Roadrunners zone.
15:16 of 3rd period - Morgan Barron is hit by Ryan O'Reilly and loses puck.
16:18 of 3rd period - Shot by Julius Honka.
16:18 of 3rd period - Shot Misses the Net.
16:20 of 3rd period - Shot by Bryce Kindopp.
16:20 of 3rd period - Stopped by Calvin Pickard without a rebound.
16:21 of 3rd period - Jansen Harkins wins face-off versus Justin Kirkland in Roadrunners zone.
16:40 of 3rd period - Shot by Hunter Shinkaruk.
16:40 of 3rd period - Stopped by Calvin Pickard without a rebound.
16:41 of 3rd period - Nathan Bastian wins face-off versus Aleksi Saarela in Roadrunners zone.
16:44 of 3rd period - Shot by Bryce Kindopp.
16:44 of 3rd period - Stopped by Calvin Pickard without a rebound.
16:45 of 3rd period - Nathan Bastian wins face-off versus Drake Caggiula in Roadrunners zone.
16:45 of 3rd period - Nathan Bastian is hit by Noah Juulsen.
16:53 of 3rd period - Shot by Anthony Greco.
16:53 of 3rd period - Deflect By Drake Caggiula.
16:53 of 3rd period - Stopped by Joey Daccord with a rebound.
16:55 of 3rd period - Shot by Taylor Fedun.
16:55 of 3rd period - Shot Misses the Net.
16:57 of 3rd period - Shot by Anthony Greco.
16:57 of 3rd period - Stopped by Joey Daccord without a rebound.
16:58 of 3rd period - Jansen Harkins wins face-off versus Gabriel Dumont in Bruins zone.
17:31 of 3rd period - Shot by Mac Hollowell.
17:31 of 3rd period - Stopped by Joey Daccord with a rebound.
17:33 of 3rd period - Shot by Scott Wilson.
17:33 of 3rd period - Shot Misses the Net.
17:35 of 3rd period - Shot by Gabriel Dumont.
17:35 of 3rd period - Stopped by Joey Daccord without a rebound.
17:36 of 3rd period - Derek Grant wins face-off versus Aleksi Saarela in Bruins zone.
17:46 of 3rd period - Icing by Nicolas Hague.
17:47 of 3rd period - Aleksi Saarela wins face-off versus Matej Stransky in Roadrunners zone.
18:55 of 3rd period - Gabriel Dumont is hit by Josh Brook and loses puck.
19:32 of 3rd period - Shot by Bryce Kindopp.
19:32 of 3rd period - Stopped by Calvin Pickard with a rebound.
19:40 of 3rd period - Shot by Bryce Kindopp.
19:40 of 3rd period - Shot Misses the Net.
19:42 of 3rd period - Shot by Nathan Bastian.
19:42 of 3rd period - Shot Blocked by Nic Dowd.
19:44 of 3rd period - Shot by Derek Grant.
19:44 of 3rd period - Stopped by Calvin Pickard with a rebound.
19:46 of 3rd period - Shot by Bryce Kindopp.
19:46 of 3rd period - Shot Blocked by Nic Dowd.
19:48 of 3rd period - Shot by Derek Grant.
19:48 of 3rd period - Shot Misses the Net.
19:50 of 3rd period - Shot by Nathan Bastian.
19:50 of 3rd period - Shot Misses the Net.
19:52 of 3rd period - Shot by Nathan Bastian.
19:52 of 3rd period - Stopped by Calvin Pickard without a rebound.
19:53 of 3rd period - Nathan Bastian wins face-off versus Aleksi Saarela in Roadrunners zone.
19:58 of 3rd period - Shot by Derek Grant.
19:58 of 3rd period - Shot Hit the Post.
Goals for this period are 0 for Roadrunners vs 0 for Bruins.
Shots for this period are 6 for Roadrunners vs 14 for Bruins.